 Dungeon Crawl Stone Soup version 0.30-a0-297-g0ec75d9ef4 (webtiles) character file.

Game seed: 4994050331593788062

85170 Mgcat the Earth Mage (level 15, -25/96 HPs)
             Began as a Gargoyle Earth Elementalist on Oct 14, 2022.
             Was a High Priest of Vehumet.
             Annihilated by a white very ugly thing (34 damage)
             ... on level 14 of the Dungeon on Oct 19, 2022.
             The game lasted 01:12:30 (25991 turns).

Mgcat the Earth Mage (Gargoyle Earth Elementalist) Turns: 25991, Time: 01:12:31

Health: -25/96     AC: 23    Str:  9    XL:     15   Next: 82%
Magic:  11/30      EV: 20    Int: 28    God:    Vehumet [*****.]
Gold:   1122       SH:  0    Dex: 13    Spells: 11/37 levels left

rFire   + + .      SeeInvis .    N - +11 whip of Wyrd {spect, Dex+3}
rCold   . . .      Faith    .    (no shield)
rNeg    + + .      Spirit   .    t - +2 robe {rF+}
rPois   ∞          Reflect  .    H - +2 helmet
rElec   +          Harm     .    e - +0 cloak
rCorr   .          Rampage  +    k - +1 pair of gloves
Will    +....                    O - +2 pair of boots {rampage}
Stlth   +++.......               I - amulet of Lich {rF+ rN+ Regen+ Str-4}
HPRegen 1.16/turn                A - +6 ring of intelligence
MPRegen 0.22/turn                L - +4 ring of evasion

@: about to teleport, flying
A: sickness immunity, AC +11, big wings, negative energy resistance 1,
electricity resistance, torment resistance 1, petrification resistance, deformed
body
a: Renounce Religion


You were on level 14 of the Dungeon.
You worshipped Vehumet.
Vehumet was extremely pleased with you.
You visited 4 branches of the dungeon, and saw 23 of its levels.
You visited 1 bazaar.
You also visited: Sewer and Volcano.

You collected 2415 gold pieces.
You spent 1293 gold pieces at shops.

Inventory:

Hand Weapons
 N - the +11 whip of Wyrd (weapon) {spect, Dex+3}
   (You found it on level 2 of the Lair of Beasts)

   When its wielder attacks, the weapon's spirit leaps out and strikes again.
   The spirit shares a part of any damage it takes with its wielder.
   Dex:       It affects your dexterity (+3).
Missiles
 z - 3 throwing nets {=f, !d}
 M - 4 curare-tipped darts
Armour
 e - a +0 cloak (worn)
   (You found it on level 1 of the Dungeon)
 k - a +1 pair of gloves (worn)
   (You found it on level 1 of the Dungeon)
 t - a +2 robe of fire resistance (worn)
   (You took it off Blork the orc on level 4 of the Dungeon)
 G - a +1 pair of boots
   (You found it on level 7 of the Dungeon)
 H - a +2 helmet (worn)
   (You found it on level 1 of the Lair of Beasts)
 O - a +2 pair of boots of rampaging (worn)
   (You found it on level 13 of the Dungeon)
Magical Staves
 K - a staff of death {rN+}
   (You found it on level 3 of the Lair of Beasts)
Jewellery
 y - a ring of see invisible {sInv, !d}
   (You found it on level 2 of the Lair of Beasts)
 A - a +6 ring of intelligence (left hand)
   (You bought it in a shop on level 2 of the Orcish Mines)
 I - the amulet of Lich (around neck) {rF+ rN+ Regen+ Str-4}
   (You found it on level 1 of the Lair of Beasts)

   [amulet of regeneration]

   Str:       It affects your strength (-4).
   rF:        It protects you from fire.
   rN:        It protects you from negative energy.
   Regen:     It increases your rate of health regeneration.
 L - a +4 ring of evasion (right hand)
   (You found it on level 3 of the Lair of Beasts)
 Q - a ring of positive energy {rN+}
   (You found it on level 14 of the Dungeon)
 U - a ring of resist corrosion
   (You found it on level 15 of the Dungeon)
Wands
 f - a wand of digging (6)
   (You bought it in a shop in a bazaar)
 j - a wand of paralysis (24)
   (You found it on level 5 of the Dungeon)
 F - a wand of acid (5)
   (You found it on level 7 of the Dungeon)
 J - a wand of iceblast (12)
   (You found it on level 2 of the Lair of Beasts)
 R - a wand of polymorph (4)
   (You found it on level 14 of the Dungeon)
 S - a wand of flame (6)
   (You took it off a hobgoblin on level 14 of the Dungeon)
Scrolls
 c - a scroll of summoning
 d - 3 scrolls of identify
 n - 4 scrolls of magic mapping {!r}
 o - a scroll of silence
 q - 3 scrolls of teleportation
 s - a scroll of enchant weapon
 v - 2 scrolls of blinking {!r}
 B - 2 scrolls of immolation {!r}
 E - 3 scrolls of poison
 P - a scroll of amnesia
Potions
 a - 3 potions of attraction {!q}
 b - 3 potions of magic
 g - 6 potions of lignification {!q}
 h - 6 potions of might
 i - 8 potions of brilliance
 l - 15 potions of curing
 m - 2 potions of cancellation
 p - 2 potions of berserk rage {!q}
 r - 5 potions of heal wounds
 u - 2 potions of resistance
 w - 3 potions of ambrosia
 x - 2 potions of mutation {!q}
 C - 3 potions of haste
 D - a potion of invisibility
Miscellaneous
 T - a phial of floods
   (You found it on level 15 of the Dungeon)


   Skills:
 + Level 11.9 Fighting
 + Level 9.5 Dodging
 - Level 5.0 Stealth
 + Level 11.7 Spellcasting
 + Level 11.9 Conjurations
 + Level 3.9 Summonings
 - Level 5.0 Necromancy
 - Level 0.7 Transmutations
 + Level 7.9 Fire Magic
 + Level 15.0 Earth Magic


You had 11 spell levels left.
You knew the following spells:

 Your Spells              Type           Power      Damage    Failure   Level
a - Sandblast             Erth           100%       2d20      0%          1
b - Stone Arrow           Conj/Erth      100%       3d13      1%          3
c - Borgnjor's Vile Clut  Necr/Erth      32%        N/A       1%          5
d - Flame Wave            Conj/Fire      64%        2d15      1%          4
e - Spellforged Servitor  Conj/Summ      28%        N/A       28%         7
f - Iron Shot             Conj/Erth      37%        9d7       1%          6

Your spell library contained the following spells:

 Spells                   Type           Power      Damage    Failure   Level
 Passwall                 Tmut/Erth      47%        N/A       1%          2
 Scorch                   Fire           100%       2d10      1%          2
 Ignite Poison            Fire/Tmut/Pois 32%        N/A       1%          3
 Leda's Liquefaction      Hex/Erth       27%        N/A       1%          4
 Petrify                  Tmut/Erth      57%        N/A       1%          4
 Lee's Rapid Deconstruct  Erth           39%        3d19*     1%          5
 Beastly Appendage        Tmut           40%        N/A       2%          1
 Wereblood                Tmut           20%        N/A       3%          2
 Ensorcelled Hibernation  Hex/Ice        32%        N/A       4%          2
 Animate Dead             Necr           44%        N/A       4%          4
 Spider Form              Tmut/Pois      18%        N/A       9%          3
 Olgreb's Toxic Radiance  Pois           16%        N/A       9%          4
 Ozocubu's Armour         Ice            16%        N/A       10%         3
 Swiftness                Air            16%        N/A       10%         3
 Death Channel            Necr           22%        N/A       54%         6
 Summon Cactus Giant      Summ           19%        N/A       71%         6
 Ozocubu's Refrigeration  Ice            8%         4d9       99%         7
 Statue Form              Tmut/Erth      Unusable   N/A       N/A         6

Dungeon Overview and Level Annotations

Branches:
Dungeon (15/15)            Temple (1/1) D:4            Lair (5/5) D:11
  Swamp (0/4) Lair:3       Spider (0/4) Lair:3        Slime (0/5) Lair:5
    Orc (2/2) D:11            Elf (0/3) Orc:2        Vaults (0/5) D:13
  Sewer (visited)         Volcano (visited)
 Depths: D:15

Altars:
Ashenzari
Cheibriados
Dithmenos
Elyvilon
Fedhas
Gozag
Hepliaklqana
Kikubaaqudgha
Makhleb
Nemelex Xobeh
Okawaru
Qazlal
Ru
Sif Muna
Trog
Uskayaw
Vehumet
Wu Jian
Xom
Yredelemnul
Zin
The Shining One

Shops:
Orc:1 *   Orc:2 !!=?

Annotations:
D:8 2 transporters, gabibbone's ghost, novice OpAE


Innate Abilities, Weirdness & Mutations

You are immune to sickness and miasma.
Your stone body is resilient. (AC +11)
You are immune to poison.
Your large and strong wings let you fly.
You resist negative energy. (rN+)
You are resistant to electric shocks. (rElec)
You are resistant to unholy torment.
You are immune to petrification.
Armour fits poorly on your strangely shaped body.


Message History

The white very ugly thing struggles to escape constriction.
Your magical contamination has completely faded away.
You take 7 damage, and have 89/96 hp.
Spoiler Alert: The white very ugly thing (clutched) is fast and can hit for high cold damage in melee!
The slime creature attacks as you move away!
The slime creature barely misses you.
The zombie hands constrict the white very ugly thing.
The white very ugly thing escapes!
Spoiler Alert: The white very ugly thing is fast and can hit for high cold damage in melee!
You regained 2 hp, and now have 92/96 hp.
Spoiler Alert: The white very ugly thing is fast and can hit for high cold damage in melee!
The slime creature attacks as you move away!
The slime creature hits you!
Being near the torpor snail leaves you feeling lethargic.
You take 14 damage, and have 78/96 hp.
Spoiler Alert: The white very ugly thing is fast and can hit for high cold damage in melee!
Spoiler Alert: The white very ugly thing is fast and can hit for high cold damage in melee!
The slime creature closely misses you.
There is an open door here.
You regained 2 hp, and now have 81/96 hp.
Spoiler Alert: The white very ugly thing is fast and can hit for high cold damage in melee!
Casting: Borgnjor's Vile Clutch (dangerous; 1% risk of failure)
Confirm with . or Enter, or press ? or * to list all spells.
You don't have enough magic to cast this spell.
Spoiler Alert: The white very ugly thing is fast and can hit for high cold damage in melee!
Unknown command.
Spoiler Alert: The white very ugly thing is fast and can hit for high cold damage in melee!
Unknown command.
Spoiler Alert: The white very ugly thing is fast and can hit for high cold damage in melee!
Unknown command.
Spoiler Alert: The white very ugly thing is fast and can hit for high cold damage in melee!
Unknown command.
Spoiler Alert: The white very ugly thing is fast and can hit for high cold damage in melee!
The slime creature attacks as you move away!
The slime creature barely misses you.
You regained 2 hp, and now have 83/96 hp.
Spoiler Alert: The white very ugly thing is fast and can hit for high cold damage in melee!
You feel yourself speed up.
The slime creature completely misses you.
You regained 2 hp, and now have 85/96 hp.
Spoiler Alert: The white very ugly thing is fast and can hit for high cold damage in melee!
Spoiler Alert: The white very ugly thing is fast and can hit for high cold damage in melee!
Spoiler Alert: The white very ugly thing is fast and can hit for high cold damage in melee!
Spoiler Alert: The white very ugly thing is fast and can hit for high cold damage in melee!
A wolf spider comes into view.
Warning x2: The white very ugly thing is fast and can hit for high cold damage in melee!
The wolf spider is fast and can hit for high damage in melee!
The wolf spider changes into a steelbarb worm!
Spoiler Alert: The white very ugly thing is fast and can hit for high cold damage in melee!
You regained 2 hp, and now have 92/96 hp.
Spoiler Alert: The white very ugly thing is fast and can hit for high cold damage in melee!
Spoiler Alert: The white very ugly thing is fast and can hit for high cold damage in melee!
Spoiler Alert: The white very ugly thing is fast and can hit for high cold damage in melee!
Spoiler Alert: The white very ugly thing is fast and can hit for high cold damage in melee!
Health restored: 96 Spoiler Alert: The white very ugly thing is fast and can hit for high cold damage in melee!
Spoiler Alert: The white very ugly thing is fast and can hit for high cold damage in melee!
Spoiler Alert: The white very ugly thing is fast and can hit for high cold damage in melee!
Spoiler Alert: The white very ugly thing is fast and can hit for high cold damage in melee!
Spoiler Alert: The white very ugly thing is fast and can hit for high cold damage in melee!
The white very ugly thing attacks as you move away!
The white very ugly thing bites you but does no damage.
There is a stone staircase leading up here.
Spoiler Alert: The white very ugly thing is fast and can hit for high cold damage in melee!
Adjust (i)tems, (s)pells, or (a)bilities?
Okay, then.
Spoiler Alert: The white very ugly thing is fast and can hit for high cold damage in melee!
Unknown command.
Spoiler Alert: The white very ugly thing is fast and can hit for high cold damage in melee!
Unknown command.
Spoiler Alert: The white very ugly thing is fast and can hit for high cold damage in melee!
The white very ugly thing bites you! The white very ugly thing freezes you!!
You fly upwards.
There is a stone staircase leading down here.
You take 42 damage, and have 54/96 hp.
MASSIVE DAMAGE!!
Spoiler Alert: The white very ugly thing is fast and can hit for high cold damage in melee!
Unknown command.
Spoiler Alert: The white very ugly thing is fast and can hit for high cold damage in melee!
Unknown command.
Spoiler Alert: The white very ugly thing is fast and can hit for high cold damage in melee!
Unknown command.
Spoiler Alert: The white very ugly thing is fast and can hit for high cold damage in melee!
Spoiler Alert: The white very ugly thing is fast and can hit for high cold damage in melee!
Spoiler Alert: The white very ugly thing is fast and can hit for high cold damage in melee!
Spoiler Alert: The white very ugly thing is fast and can hit for high cold damage in melee!
You regained 2 hp, and now have 59/96 hp.
Spoiler Alert: The white very ugly thing is fast and can hit for high cold damage in melee!
Spoiler Alert: The white very ugly thing is fast and can hit for high cold damage in melee!
The white very ugly thing attacks as you move away!
The white very ugly thing completely misses you.
The white very ugly thing bites you.
The white very ugly thing freezes you!!!
* * * LOW HITPOINT WARNING * * *
You take 41 damage, and have 19/96 hp.
MASSIVE DAMAGE!!
Spoiler Alert: The white very ugly thing is fast and can hit for high cold damage in melee!
Spoiler Alert: The white very ugly thing is fast and can hit for high cold damage in melee!
As you read the scroll of teleportation, it crumbles to dust.
You feel strangely unstable. The white very ugly thing bites you!
* * * LOW HITPOINT WARNING * * *
The white very ugly thing freezes you!!
You die...

######......................#
#......................#
######..................(...#
............................#
...[.........>..............#
.######.#########..########.#
.# #.# #..# #.#
.######.#########u.########.#
................@...........#
........#########...........#
......^.# #...........#
........# #...........#
........# #.(.........#
........#########...........#
............................#
............................#
####........................#


You could see a white very ugly thing.

Vanquished Creatures
  Nessos (D:14)
  A rakshasa (D:13)
  Fannar (D:10)
  Josephine (D:15)
  Harold (Orc:1)
  8 vault guards (D:13)
  Erolcha (Orc:1)
  3 hydras
  2 two-headed ogres
  A death knight (D:15)
  A catoblepas (Lair:5)
  8 boulder beetles
  3 centaur warriors
  A deep troll shaman (Lair:5)
  5 death yaks (Lair:5)
  Urug (D:11)
  Sonja (D:13)
  10 skeletal warriors
  3 lindwurms
  An anaconda skeleton (Volcano)
  A phantasmal warrior (D:15)
  3 orc knights (Orc:2)
  A deep elf pyromancer (D:12)
  2 bog bodies (Lair:3)
  17 ugly things
  4 cyclopes
  2 manticores
  An orc sorcerer (Orc:2)
  18 elephants
  2 black mambas
  13 cane toads
  3 gargoyles (Volcano)
  2 rime drakes
  5 komodo dragons
  A freezing wraith (D:15)
  2 kobold demonologists
  A yaktaur (D:15)
  A polar bear (Lair:5)
  3 trolls
  2 slime creatures (D:15)
  A tarantella (Lair:2)
  A harpy skeleton (Volcano)
  Prince Ribbit (Lair:3)
  4 dream sheep (Lair:4)
  2 jumping spiders (Lair:2)
  11 blink frogs
  3 flying skulls (Volcano)
  A vampire (D:12)
  2 shadows (D:10)
  10 wraiths
  2 wyverns
  5 basilisks
  3 fire bats (Lair:4)
  Grum (D:9)
  41 yaks
  A steam dragon (D:7)
  2 vampire mosquitoes (D:13)
  An acid dragon (D:7)
  16 water moccasins
  4 wargs
  A sky beast (D:7)
  Pargi (Sewer)
  2 ice beasts
  28 orc warriors
  4 black bears
  6 ogres
  19 wolves
  13 centaurs
  A boggart (D:15)
  A phantom (D:7)
  11 bullfrogs
  Blork the orc (D:4)
  A gnoll sergeant (D:8)
  5 kobold brigands
  7 scorpions
  13 wights (D:9)
  3 killer bees (D:8)
  A troll skeleton (Volcano)
  A spriggan skeleton (Volcano)
  3 howler monkeys
  4 lava snakes
  13 orc priests
  A jelly (D:7)
  A gnoll bouda (D:6)
  3 iguanas
  3 hounds
  15 orc wizards
  2 hell rats (Lair:4)
  A naga skeleton (Volcano)
  11 gnolls
  10 adders
  7 river rats (Lair:4)
  A white imp (D:7)
  6 worms
  2 dart slugs
  67 orcs
  8 bats
  12 endoplasms
  5 giant cockroaches
  3 goblins (D:2)
  12 hobgoblins
  6 jackals
  2 quokkas (D:4)
  5 ball pythons
  5 frilled lizards
  25 kobolds
  3 rats
  A spectral hobgoblin (D:4)
606 creatures vanquished.

Vanquished Creatures (others)
  An orc warrior (Orc:2)
  12 fungi
  13 plants
26 creatures vanquished.

Grand Total: 632 creatures vanquished

Notes
Turn   | Place    | Note
-------+----------+-------------------------------------------
     0 | D:1      | Mgcat the Gargoyle Earth Elementalist began the quest for
                  | the Orb.
     0 | D:1      | Reached XP level 1. HP: 10/10 MP: 3/3
   176 | D:1      | Reached XP level 2. HP: 15/15 MP: 3/5
   407 | D:1      | Reached skill level 4 in Earth Magic
   741 | D:2      | Reached XP level 3. HP: 19/19 MP: 4/6
   769 | D:2      | Reached skill level 3 in Stealth
   921 | D:2      | Reached XP level 4. HP: 24/24 MP: 4/8
  2056 | D:3      | Found a faded altar of an unknown god.
  2059 | D:3      | Reached skill level 3 in Spellcasting
  2244 | D:3      | Reached XP level 5. HP: 28/28 MP: 5/9
  2580 | D:4      | Found a staircase to the Ecumenical Temple.
  2588 | D:4      | Reached skill level 4 in Stealth
  2661 | D:4      | Reached skill level 5 in Earth Magic
  2700 | Temple   | Entered the Ecumenical Temple
  2854 | D:4      | Found a shimmering altar of Xom.
  2866 | D:4      | Found a glowing silver altar of Zin.
  2958 | D:4      | Noticed a black bear
  2959 | D:4      | Found an opulent altar of Gozag.
  2965 | D:4      | Killed a black bear
  2966 | D:4      | Reached XP level 6. HP: 23/32 MP: 5/11
  3012 | D:4      | Noticed Blork the orc
  3134 | D:4      | Found a blossoming altar of Fedhas.
  3210 | D:4      | Found a hazy altar of Hepliaklqana.
  3375 | D:4      | Killed Blork the orc
  3376 | D:4      | Reached skill level 5 in Stealth
  3376 | D:4      | Reached skill level 4 in Spellcasting
  3461 | D:2      | Reached skill level 6 in Earth Magic
  3586 | D:5      | Entered Level 5 of the Dungeon
  3594 | D:5      | Noticed a water moccasin
  3649 | D:5      | Noticed an ice beast
  3682 | D:5      | Noticed a black bear
  3689 | D:5      | Killed a black bear
  3690 | D:5      | Reached XP level 7. HP: 26/36 MP: 4/13
  3831 | D:5      | HP: 8/36 [water moccasin (6)]
  3937 | D:5      | Reached skill level 5 in Spellcasting
  3937 | D:5      | Reached skill level 7 in Earth Magic
  4069 | D:5      | Found a burning altar of Makhleb.
  4077 | D:5      | Found a glowing drain.
  4090 | Sewer    | Entered a sewer
  4161 | Sewer    | Noticed Pargi
  4167 | Sewer    | Killed Pargi
  4168 | Sewer    | Reached XP level 8. HP: 41/41 MP: 12/16
  4259 | D:5      | Reached skill level 8 in Earth Magic
  4263 | D:5      | Learned a level 3 spell: Stone Arrow
  4533 | D:5      | Reached skill level 1 in Fighting
  4533 | D:5      | Reached skill level 2 in Dodging
  4533 | D:5      | Reached skill level 1 in Conjurations
  4679 | D:6      | Reached skill level 6 in Spellcasting
  4867 | D:6      | Reached skill level 2 in Conjurations
  4989 | D:6      | Reached skill level 2 in Fighting
  5062 | D:6      | Reached XP level 9. HP: 30/49 MP: 12/18
  5152 | D:6      | Identified the +6 scale mail "Fir Iseu" {Regen+ rCorr}
  5535 | D:6      | Reached skill level 3 in Conjurations
  5873 | D:7      | Reached skill level 3 in Fighting
  5873 | D:7      | Reached skill level 3 in Dodging
  6001 | D:7      | Reached skill level 9 in Earth Magic
  6099 | D:7      | HP: 7/51 [acid dragon/splash of acid (16)]
  6264 | D:7      | Found a shimmering blue altar of Sif Muna.
  6597 | D:7      | Reached skill level 4 in Conjurations
  6690 | D:8      | Found a transporter.
  6706 | D:8      | Reached skill level 4 in Fighting
  6856 | D:8      | Reached skill level 7 in Spellcasting
  6892 | D:8      | Found a transporter.
  6961 | D:8      | Noticed gabibbone's ghost (novice OpAE)
  6964 | D:8      | Noticed a manticore
  7202 | D:8      | Reached skill level 4 in Dodging
  7391 | D:8      | Reached XP level 10. HP: 38/58 MP: 13/20
  7572 | D:8      | Reached skill level 5 in Conjurations
  7574 | D:8      | Reached skill level 5 in Fighting
  7964 | D:9      | Reached skill level 10 in Earth Magic
  8123 | D:9      | Noticed Grum
  8132 | D:9      | Killed Grum
  8805 | D:9      | Reached skill level 6 in Conjurations
  8807 | D:9      | Reached skill level 6 in Fighting
  8812 | D:9      | Reached skill level 5 in Dodging
  9577 | D:10     | Entered Level 10 of the Dungeon
  9588 | D:10     | Reached skill level 8 in Spellcasting
  9646 | D:10     | Noticed a two-headed ogre
  9654 | D:10     | Killed a two-headed ogre
  9655 | D:10     | Reached XP level 11. HP: 66/66 MP: 19/23
  9905 | D:10     | Learned a level 5 spell: Borgnjor's Vile Clutch
  9959 | D:10     | Reached skill level 11 in Earth Magic
 10074 | D:10     | Noticed Fannar
 10126 | D:10     | Killed Fannar
 10289 | D:10     | Got the Commentary on Poison
 10307 | D:10     | Reached skill level 7 in Conjurations
 10307 | D:10     | Reached skill level 1 in Necromancy
 10317 | D:10     | Reached skill level 7 in Fighting
 10322 | D:10     | HP: 16/67 [yak (2)]
 10502 | D:10     | Found a glowing golden altar of the Shining One.
 10502 | D:10     | Found a sacrificial altar of Ru.
 10535 | D:10     | Found a radiant altar of Vehumet.
 10535 | D:10     | Found a shadowy altar of Dithmenos.
 10543 | D:10     | Became a worshipper of Vehumet
 10792 | D:11     | Noticed Urug
 11235 | D:11     | Found a staircase to the Orcish Mines.
 11250 | D:11     | Found a staircase to the Lair.
 11303 | D:11     | Killed Urug
 11304 | D:11     | Reached skill level 2 in Necromancy
 11733 | Lair:1   | Entered Level 1 of the Lair of Beasts
 11737 | Lair:1   | Reached skill level 6 in Dodging
 11802 | Lair:1   | Gained mutation: You occasionally lose the ability to drink
                  | potions when taking damage. [potion of mutation]
 11802 | Lair:1   | Gained mutation: Armour fits poorly on your strangely
                  | shaped body. [potion of mutation]
 11803 | Lair:1   | Lost mutation: You occasionally lose the ability to drink
                  | potions when taking damage. [potion of mutation]
 11803 | Lair:1   | Lost mutation: Armour fits poorly on your strangely shaped
                  | body. [potion of mutation]
 11803 | Lair:1   | Gained mutation: Armour fits poorly on your strangely
                  | shaped body. [potion of mutation]
 11931 | Lair:1   | Identified the amulet of Lich {rF+ rN+ Regen+ Str-4}
 12663 | Lair:2   | Found a runed translucent door.
 12748 | Lair:2   | You fall into a shaft and drop 1 floor!
 12787 | Lair:3   | Noticed Prince Ribbit
 12793 | Lair:3   | Killed Prince Ribbit
 12794 | Lair:3   | Reached XP level 12. HP: 53/73 MP: 19/24
 12798 | Lair:3   | Reached skill level 3 in Necromancy
 12804 | Lair:3   | Reached skill level 9 in Spellcasting
 12923 | Lair:3   | Reached skill level 8 in Fighting
 12923 | Lair:3   | Reached skill level 8 in Conjurations
 12936 | Lair:3   | Reached * piety under Vehumet
 12936 | Lair:3   | Offered knowledge of Kiss of Death by Vehumet.
 13068 | Lair:3   | Found a hole to the Spider Nest.
 13069 | Lair:3   | Noticed a boulder beetle
 13113 | Lair:3   | Killed a boulder beetle
 13114 | Lair:3   | Reached skill level 12 in Earth Magic
 13212 | Lair:3   | Learned a level 4 spell: Flame Wave
 13303 | Lair:3   | Reached skill level 1 in Fire Magic
 13648 | Lair:3   | Found a staircase to the Swamp.
 14114 | Lair:2   | Identified the +1 hat of the Alphagorgon {Contam rN+ Int+2}
 14117 | Lair:2   | Identified the +11 whip of Wyrd {spect, Dex+3}
 14120 | Lair:2   | Found a runed translucent gate.
 14120 | Lair:2   | Found a runed translucent gate.
 14120 | Lair:2   | Found a runed translucent gate.
 14120 | Lair:2   | Found a runed translucent gate.
 14120 | Lair:2   | Found a runed translucent gate.
 14120 | Lair:2   | Noticed a boulder beetle
 14155 | Lair:2   | Found a runed translucent gate.
 14168 | Lair:2   | Killed a boulder beetle
 14304 | Lair:2   | HP: 16/75 [lindwurm/blast of flame (5)]
 14304 | Lair:2   | HP: 5/75 [lava snake/glob of lava (11)]
 14578 | Lair:4   | Reached skill level 4 in Necromancy
 14584 | Lair:4   | Offered knowledge of Static Discharge by Vehumet.
 14585 | Lair:4   | Reached skill level 2 in Fire Magic
 14585 | Lair:4   | Found a dark tunnel.
 14594 | Volcano  | Entered a volcano
 14624 | Volcano  | Reached skill level 7 in Dodging
 14740 | Volcano  | Reached ** piety under Vehumet
 15070 | Volcano  | Reached skill level 9 in Conjurations
 15192 | Volcano  | Reached skill level 9 in Fighting
 15192 | Volcano  | Reached XP level 13. HP: 54/80 MP: 1/26
 15639 | Lair:4   | Reached skill level 3 in Fire Magic
 16023 | Lair:4   | Offered knowledge of Kindle Blastsparks by Vehumet.
 16472 | Lair:4   | Reached *** piety under Vehumet
 16474 | Lair:4   | Reached skill level 10 in Spellcasting
 16522 | Lair:4   | Reached skill level 13 in Earth Magic
 16798 | Lair:4   | Upgraded the game from 0.30-a0-269-gf0224bf7b6 to
                  | 0.30-a0-292-g0f741e3f8e
 16809 | Lair:4   | Reached skill level 4 in Fire Magic
 16810 | Lair:4   | Reached skill level 5 in Necromancy
 17187 | Lair:5   | Entered Level 5 of the Lair of Beasts
 17243 | Lair:5   | Found a staircase to the Slime Pits.
 17356 | Lair:5   | Offered knowledge of Inner Flame by Vehumet.
 17597 | Lair:5   | Reached skill level 10 in Conjurations
 17818 | Lair:5   | Reached skill level 10 in Fighting
 17818 | Lair:5   | Reached skill level 5 in Fire Magic
 17830 | Lair:5   | Reached skill level 8 in Dodging
 17937 | Lair:5   | Reached **** piety under Vehumet
 17938 | Lair:5   | Gained mutation: Your large and strong wings let you fly.
                  | [Gargoyle growth]
 17938 | Lair:5   | Reached XP level 14. HP: 30/88 MP: 24/28
 18570 | Lair:5   | Offered knowledge of Irradiate by Vehumet.
 18671 | Lair:5   | HP: 15/88 [death yak (13)]
 19407 | Orc:1    | Entered Level 1 of the Orcish Mines
 19412 | Orc:1    | Noticed Harold
 19444 | Orc:1    | Found Hoetunoj's Assorted Antiques.
 19448 | Orc:1    | Noticed Erolcha
 19499 | Orc:1    | Killed Erolcha
 19529 | Orc:1    | Killed Harold
 19530 | Orc:1    | Reached skill level 6 in Fire Magic
 19648 | Orc:1    | Bought a scroll of identify for 44 gold pieces
 19757 | Orc:2    | Entered Level 2 of the Orcish Mines
 19759 | Orc:2    | Reached skill level 14 in Earth Magic
 19953 | Orc:2    | Found a staircase to the Elven Halls.
 20705 | Orc:2    | Reached ***** piety under Vehumet
 20710 | Orc:2    | Offered knowledge of Spellforged Servitor by Vehumet.
 20916 | Orc:1    | Learned a level 7 spell: Spellforged Servitor
 21280 | Orc:2    | Reached skill level 11 in Spellcasting
 21445 | Orc:2    | Found Oliligil's Distillery.
 21445 | Orc:2    | Found Walaroc's Jewellery Shoppe.
 21445 | Orc:2    | Found Yfegegh's Magic Scroll Emporium.
 21448 | Orc:2    | Found Udatt's Distillery.
 21453 | Orc:2    | Bought a +6 ring of intelligence for 396 gold pieces
 21455 | Orc:2    | Bought a scroll of butterflies for 56 gold pieces
 21918 | D:12     | Found a gateway to a bazaar.
 21928 | Bazaar   | Entered a bazaar
 21928 | Bazaar   | Found Inamaeso's General Store.
 21928 | Bazaar   | Found Inat's General Store.
 21949 | Bazaar   | Found Biqu Miu's General Store.
 21949 | Bazaar   | Found Jubuf's General Store.
 21960 | Bazaar   | Bought a scroll of summoning for 95 gold pieces
 21971 | Bazaar   | Found Yppote's General Store.
 21971 | Bazaar   | Found Redu Jut Sei's General Store.
 21993 | Bazaar   | Found Qimue's General Store.
 21993 | Bazaar   | Found Ogeklyc's General Store.
 22004 | Bazaar   | Bought a wand of digging (6) for 277 gold pieces
 22004 | Bazaar   | Bought 2 scrolls of blinking for 165 gold pieces
 22025 | Bazaar   | Bought a potion of haste for 130 gold pieces
 22025 | Bazaar   | Bought a potion of haste for 130 gold pieces
 22048 | D:12     | Reached skill level 1 in Summonings
 22062 | D:12     | Reached skill level 11 in Conjurations
 22484 | D:13     | Found a transporter.
 22489 | D:13     | Found a transporter.
 22505 | D:13     | Reached skill level 11 in Fighting
 22676 | D:13     | Found a gate to the Vaults.
 22679 | D:13     | Upgraded the game from 0.30-a0-292-g0f741e3f8e to
                  | 0.30-a0-297-g0ec75d9ef4
 22694 | D:13     | Reached XP level 15. HP: 71/94 MP: 19/30
 22695 | D:13     | Reached skill level 2 in Summonings
 22792 | D:13     | Noticed Sonja
 22794 | D:13     | Killed Sonja
 22795 | D:13     | Reached skill level 9 in Dodging
 22934 | D:13     | Reached skill level 7 in Fire Magic
 24205 | D:14     | Reached skill level 3 in Summonings
 24520 | D:14     | Noticed Nessos
 24669 | D:14     | You are sucked into a shaft and drop 1 floor!
 24669 | D:15     | Entered Level 15 of the Dungeon
 24741 | D:15     | Noticed Josephine
 24762 | D:15     | Killed Josephine
 25009 | D:14     | Found a radiant altar of Vehumet.
 25110 | D:14     | Killed Nessos
 25110 | D:14     | Offered knowledge of Iron Shot by Vehumet.
 25118 | D:14     | Learned a level 6 spell: Iron Shot
 25684 | D:15     | Reached skill level 15 in Earth Magic
 25989 | D:14     | HP: 19/96 [white very ugly thing (38)]
 25991 | D:14     | HP: 9/96 [white very ugly thing (12)]
 25991 | D:14     | Annihilated by a white very ugly thing

Illustrated notes

Levels and vault maps discovered:
D:1:      dpeg_arrival_shelter, layout_loops_ring
D:2:      layout_basic, serial_corexii_hall, chequers_hall_statues_wall_a,
          chequers_hall_statues_y, chequers_hall_statues_corner_a,
          chequers_hall_statues_y, chequers_hall_statues_corner_a,
          chequers_hall_statues_wall_a
D:3:      layout_rooms, ebering_ecumenical_altar_petrified
D:4:      layout_rooms, mainiacjoe_overflow_cross_hatched, kennysheep_mini_moat,
          mainiacjoe_overflow_24_doors, zin_scriptorium,
          nicolae_hepliaklqana_monster_ancestors,
          minmay_temple_entry_statues_pillars, uniq_blork_the_orc
D:5:      layout_rooms, makhleb_heckhound_becter, cheibrodos_sewer_entry_bend
D:6:      layout_cave_pods, minmay_fountain_box,
          hangedman_abyss_or_decor_stagger
D:7:      layout_loops_cross, nicolae_sif_muna_condensation
D:8:      layout_basic, gammafunk_ghost_arena
D:9:      layout_cave_pods, uniq_grum
D:10:     layout_basic, chequers_temple_overflow_statue_of_worship,
          nicolae_overflow_two_pavilions, chequers_serial_rivers_micro_c,
          uniq_fannar
D:11:     layout_loops_ring, erik_lair_orcish_takeover, orc_0_dummy, uniq_urug
D:12:     layout_loops_cross, serial_shops, bzr_entry_safe
D:13:     gammafunk_boulding_lane, layout_basic, erik_vaults_2,
          kennysheep_generic_room_12, uniq_sonja
D:14:     layout_long_grid, nicolae_benzene_ring, vehumet_altar_wand_db,
          uniq_nessos
D:15:     gammafunk_enter_depths_forms, layout_loops_ring, uniq_josephine
Temple:   minmay_freezing_vapour_temple
Lair:1:   layout_hall_layers
Lair:2:   gammafunk_indiana_jones, layout_loops_ring, grunt_forest_stairs_basic
Lair:3:   layout_loops_ring, skrybe_swamp_entry_bodies,
          nicolae_spider_entry_non_spiders, chequers_serial_rivers_micro_a,
          beast_lair_carwin_3, lemuel_fruit_tree, uniq_prince_ribbit2
Lair:4:   layout_cave_pods, nicolae_volcano_entry_batcave, kennysheep_rathole,
          infiniplex_staircase_pool_2, grunt_megastairs_1
Lair:5:   grunt_lair_end_beastmaster, layout_hall_layers, slime_entry_1,
          st_stairs_4
Orc:1:    layout_diamond_mine, serial_shops, nicolae_shop_advertising_works
          [nicolae_subvault_shop_adworks], uniq_erolcha, uniq_harold
Orc:2:    st_orc_rangers, layout_diamond_mine, basic_altar

Skill      XL: |  1  2  3  4  5  6  7  8  9 10 11 12 13 14 15 |
---------------+----------------------------------------------+-----
Earth Magic    | 4 5 6 7 8 9 10 11 12 13 14 15 | 15.0
Stealth        | 3 4 5 |  5.0
Spellcasting   | 3 4 5 6 7 8 9 10 11 | 11.7
Fighting       | 2 4 6 7 9 10 11 | 11.9
Dodging        | 2 4 5 6 7 8 9 |  9.5
Conjurations   | 2 4 6 7 9 10 11 | 11.9
Necromancy     | 2 4 5 |  5.0
Fire Magic     | 2 5 6 7 |  7.9
Summonings     | 1 3 |  3.9
Transmutations | |  0.7

Action                   |  1- 3 |  4- 6 |  7- 9 | 10-12 | 13-15 || total
-------------------------+-------+-------+-------+-------+-------++-------
Melee: Morningstar       |       |       |       |     1 |       ||     1
       Staff             |       |       |       |     8 |     3 ||    11
       Whip              |       |       |       |     4 |    17 ||    21
 Cast: Sandblast         |    38 |   121 |   169 |   326 |   786 ||  1440
       Stone Arrow       |       |       |     4 |    80 |    63 ||   147
       Borgnjor's Vile C |       |       |       |       |    75 ||    75
       Flame Wave        |       |       |       |       |     4 ||     4
       Iron Shot         |       |       |       |       |    11 ||    11
Evoke: Wand              |       |       |       |     3 |     1 ||     4
  Use: Scroll            |       |     5 |     1 |    17 |    11 ||    34
       Potion            |       |       |     1 |     2 |     1 ||     4
Armor: Robe              |     2 |    38 |    42 |   149 |   346 ||   577
Dodge: Dodged            |     3 |    40 |    77 |   256 |   876 ||  1252

Table legend: (Time is in decaauts)
 A = Elapsed time spent in this place.
 B = Non-inter-level travel time spent in this place.
 C = Inter-level travel time spent in this place.
 D = Time resting spent in this place.
 E = Time spent auto-exploring this place.
 F = Levels seen in this place.
 G = Mean time per level.
                   A        B        C        D        E       F      G
               +--------+--------+--------+--------+--------+-----+--------+
         Total |  26743 |  25512 |   1231 |   3820 |  17000 |  26 | 1028.6 |
       Dungeon |  16163 |  15275 |    888 |   1713 |  11162 |  15 | 1077.5 |
        Temple |     26 |     26 |      0 |      0 |     19 |   1 |   26.0 |
          Lair |   7041 |   6788 |    253 |   1120 |   4177 |   5 | 1408.2 |
  Orcish Mines |   2404 |   2314 |     90 |    801 |    932 |   2 | 1202.0 |
        Bazaar |    101 |    101 |      0 |      0 |     72 |   1 |  101.0 |
         Sewer |    133 |    133 |      0 |      0 |     87 |   1 |  133.0 |
       Volcano |    872 |    872 |      0 |    186 |    551 |   1 |  872.0 |
               +--------+--------+--------+--------+--------+-----+--------+

Top non-repeatable levels by time:
  Lair:5: 2189 daAuts
  Lair:4: 1765 daAuts
    D:13: 1504 daAuts
     D:9: 1449 daAuts
     D:2: 1374 daAuts
  Lair:2: 1316 daAuts
   Orc:2: 1287 daAuts
     D:8: 1274 daAuts
     D:6: 1244 daAuts
  Lair:3: 1227 daAuts
    D:10: 1190 daAuts
   Orc:1: 1116 daAuts
    D:14: 1057 daAuts
    D:11: 1056 daAuts
    D:15: 1046 daAuts

Table legend:
 A = Kills in this place as a percentage of kills in entire the game.
 B = Kills by you in this place as a percentage of kills by you in the entire game.
 C = Kills by friends in this place as a percentage of kills by friends in the entire game.
 D = Other kills in this place as a percentage of other kills in the entire game.
 E = Experience gained in this place as a percentage of experience gained in the entire game.
 F = Experience gained in this place divided by the number of levels of this place that you have seen.
                   A       B       C       D       E      F
               +-------+-------+-------+-------+-------+----------------------
         Total | 100.0 | 100.0 |   N/A |   N/A | 100.0 | 4679.7
       Dungeon |  54.6 |  54.6 |   N/A |   N/A |  48.7 | 3951.0
          Lair |  27.1 |  27.1 |   N/A |   N/A |  38.6 | 9392.6
  Orcish Mines |  15.2 |  15.2 |   N/A |   N/A |   8.9 | 5401.5
         Sewer |   1.0 |   1.0 |   N/A |   N/A |   0.1 | 140.0
       Volcano |   2.1 |   2.1 |   N/A |   N/A |   3.7 | 4501.0
               +-------+-------+-------+-------+-------+----------------------
